 Dungeon Sprint DCSS version 0.30-a0-918-g0ff054e9dc (webtiles) character file.

Game seed: 2665280341783200161

6800000 BigDaddyOpFi the Intangible (level 27, -8/228 HPs)
             Began as a Djinni Warper on Mar 20, 2023.
             Was the Champion of Makhleb.
             Killed from afar by a dread (36 damage)
             ... with damnation
             ... in the Dungeon (Sprint VIII: "Arena of Blood").
             The game lasted 00:01:49 (68 turns).

BigDaddyOpFi the Intangible (Djinni Warper)           Turns: 68, Time: 00:01:50

Health: -8/228     AC:  6    Str: 10    XL:     27
Gold:   0          EV: 35    Int: 18    God:    Makhleb [******] SH:  0 Dex: 24

rFire   + + .      SeeInvis +    h - +∞ Axe of Woe
rCold   x . .      Faith    .    (shield currently unavailable)
rNeg    . . .      Spirit   .    a - +0 leather armour
rPois   ∞          Reflect  .    (no helmet)
rElec   .          Rampage  .    (no cloak)
rCorr   .          NoTele   +    (no gloves)
Will    ++...                    (boots unavailable)
Stlth   ++++++++++               (no amulet)
HPRegen 0.58/turn                i - ring of see invisible
MPRegen 0.00/turn                (no ring)

@: flying, slowed, very slow
A: sickness immunity, fire resistance 2, cold vulnerability 1, float, innate
caster, HP casting, extra vitality 1
a: Renounce Religion, Minor Destruction, Lesser Servant of Makhleb, Major
Destruction, Greater Servant of Makhleb


You were in the Dungeon.
You worshipped Makhleb.
Makhleb was exalted by your worship.
You visited 1 branch

Inventory:

Hand Weapons
 h - the +∞ Axe of Woe (weapon)
   (You found it in the Dungeon)
Missiles
 c - 7 boomerangs of dispersal (quivered)
Armour
 a - a +0 leather armour (worn)
Jewellery
 i - a ring of see invisible (left hand)
Scrolls
 b - 2 scrolls of blinking
Potions
 d - a potion of curing
 e - a potion of heal wounds
 f - a potion of haste
 g - a potion of berserk rage


   Skills:
 O Level 27 Fighting
 O Level 27 Short Blades
 O Level 27 Long Blades
 O Level 27 Axes
 O Level 27 Maces & Flails
 O Level 27 Polearms
 O Level 27 Staves
 O Level 27 Ranged Weapons
 O Level 27 Throwing
 O Level 27 Armour
 O Level 27 Dodging
 O Level 27 Stealth
 O Level 27 Shields
 O Level 27 Unarmed Combat
 O Level 27 Spellcasting
 O Level 27 Invocations
 O Level 27 Evocations


You knew the following spells:

 Your Spells              Type           Power      Damage    Failure   Level
a - Blink                 Tloc           100%       N/A       0%          2
b - Lesser Beckoning      Tloc           100%       N/A       0%          2
c - Vhi's Electric Charg  Tloc/Air       100%       N/A       0%          3
d - Teleport Other        Tloc           88%        N/A       0%          3
e - Manifold Assault      Tloc           88%        N/A       0%          4
f - Apportation           Tloc           100%       N/A       0%          1
g - Passwall              Tmut/Erth      73%        N/A       0%          2
h - Confusing Touch       Hex            88%        N/A       0%          3
i - Hailstorm             Conj/Ice       88%        3d18      0%          3
j - Airstrike             Air            44%        2d(7-23)  0%          4
k - Summon Mana Viper     Hex/Summ       88%        N/A       0%          5
l - Dispersal             Tloc           44%        N/A       0%          6
m - Spellforged Servitor  Conj/Summ      44%        N/A       1%          7
n - Dragon Form           Tmut           44%        N/A       1%          7
o - Infestation           Necr           44%        N/A       1%          8
p - Necromutation         Tmut/Necr      44%        N/A       1%          8
q - Ignition              Fire           44%        3d13      1%          8
r - Chain Lightning       Conj/Air       44%        3d58      2%          9
Your spell library was empty.

Dungeon Overview and Level Annotations

Branches:
Dungeon (1/1)

Altars:
Makhleb


Innate Abilities, Weirdness & Mutations

You are immune to sickness and miasma.
You are immune to poison.
Your flesh is very heat resistant. (rF++)
You are vulnerable to cold. (rC-)
You float through the air rather than walking.
You learn spells naturally, not from books.
Your magical power is your life essence.
You have superior vitality. (+4 MHP)


Message History

Unknown command.
You slash the accursed!
You pulverise the accursed into a thin bloody mist.
You destroy the accursed!
Makhleb accepts your kill.
You feel extremely nervous for a moment...
Your body is wracked with pain!
* * * LOW HITPOINT WARNING * * *
The meat berserker appears out of thin air!
A meat berserker comes into view. It is wielding a +9 battleaxe.
You hear a shout! x6
The destroyer casts a spell at you.
The destroyer blinks!
A destroyer comes into view. It is wielding a +9 heavy great sword.
The dread calls on the powers of darkness!
Your body is wracked with pain!
* * * LOW HITPOINT WARNING * * *
The meat berserker convulses!
The tyrant gestures wildly while chanting.
The dread throws damnation at you.
The sphere of damnation explodes!
The damnation engulfs you!!
* * * LOW HITPOINT WARNING * * *
The damnation engulfs the destroyer!
You hear a shout! x2; The meat berserker shouts!
You have mastered Ranged Weapons!
You cannot train any new skills!
Unknown command.
Casting: Vhi's Electric Charge (safe; 0% risk of failure)
Confirm with . or Enter, or press ? or * to list all spells.
You don't have enough health to cast this spell.
Unknown command.
You slice the destroyer!!
You cleave the destroyer in twain.
You destroy the destroyer!
Makhleb accepts your kill.
You feel better.
You hear a shout! x11
The dread is engulfed in blazing flames.
The dread throws damnation at you.
The sphere of damnation explodes!
The damnation engulfs you!!!
You die...

..#..))§#§O...o#o
......_.§)§...........V.
.....###☼§.......#.#.#oX
###.....)☼###O..O....XL#
#.......#..........XX.
#.......#...........
.................O.O
...........O..#..)#
.o..........)#))@.#
...........##))°..#
V#........#☼)§)..#...
.....o...)#§§W###....#
##.#§.O..).).......#...
.......).))........ ....
....#.)...####..... W.#
........)...#....... ##
......)))........##


You could see a tentacled monstrosity (summoned), a tyrant (fast), a destroyer,
3 large abominations, 2 dreads, 4 meat berserkers and a bag of meat.

Vanquished Creatures
  4 royal mummies (D)
  A wraith (D)
  10 vampire knights (D)
  22 ogres (D)
  5 two-headed ogres (D)
  3 liches (D)
  41 orcs (D)
  A skeletal warrior (D)
87 creatures vanquished.

Notes
Turn   | Place    | Note
-------+----------+-------------------------------------------
     0 | D        | Found the +∞ Axe of Woe
     0 | D        | BigDaddyOpFi the Djinni Warper began the quest for the Orb.
     0 | D        | BigDaddyOpFi set off with the following spells memorised:
                  | Blink, Lesser Beckoning, Vhi's Electric Charge, Teleport
                  | Other, Manifold Assault.
     0 | D        | Reached XP level 1. HP: 18/18 MP: 0/0
     2 | D        | Noticed a bag of meat
     2 | D        | Noticed a bag of meat
     4 | D        | Became a worshipper of Makhleb the Destroyer
     4 | D        | Noticed a bag of meat
     4 | D        | Noticed a bag of meat
     5 | D        | Noticed a meat berserker
     6 | D        | Noticed a bag of meat
     6 | D        | Noticed a bag of meat
     6 | D        | Noticed a bag of meat
     7 | D        | Killed a meat berserker
     7 | D        | Noticed a bag of meat
     8 | D        | Reached skill level 10 in Fighting
     8 | D        | Reached skill level 10 in Armour
     8 | D        | Reached skill level 10 in Unarmed Combat
     8 | D        | Reached skill level 10 in Invocations
     8 | D        | Reached XP level 2. HP: 36/36 MP: 0/0
     8 | D        | Reached XP level 3. HP: 41/41 MP: 0/0
     8 | D        | Learned a level 1 spell: Apportation
     8 | D        | Reached XP level 4. HP: 47/47 MP: 0/0
     8 | D        | Reached XP level 5. HP: 52/52 MP: 0/0
     8 | D        | Learned a level 2 spell: Passwall
     8 | D        | Reached XP level 6. HP: 58/58 MP: 0/0
     8 | D        | Reached XP level 7. HP: 64/64 MP: 0/0
     8 | D        | Learned a level 3 spell: Confusing Touch
     8 | D        | Reached XP level 8. HP: 69/69 MP: 0/0
     8 | D        | Reached XP level 9. HP: 75/75 MP: 0/0
     8 | D        | Learned a level 3 spell: Hailstorm
     8 | D        | Reached XP level 10. HP: 81/81 MP: 0/0
     8 | D        | Reached XP level 11. HP: 86/86 MP: 0/0
     8 | D        | Learned a level 4 spell: Airstrike
     8 | D        | Reached XP level 12. HP: 92/92 MP: 0/0
     8 | D        | Killed a bag of meat
     8 | D        | Reached * piety under Makhleb
     8 | D        | Killed a bag of meat
     8 | D        | Noticed a bag of meat
     8 | D        | Noticed a bag of meat
     9 | D        | Reached skill level 10 in Axes
     9 | D        | Reached skill level 10 in Throwing
     9 | D        | Reached XP level 13. HP: 101/101 MP: 0/0
     9 | D        | Learned a level 5 spell: Summon Mana Viper
     9 | D        | Noticed a bag of meat
    10 | D        | Noticed a bag of meat
    10 | D        | Killed a bag of meat
    10 | D        | Killed a bag of meat
    10 | D        | Reached ** piety under Makhleb
    11 | D        | Reached skill level 10 in Spellcasting
    11 | D        | Reached XP level 14. HP: 99/110 MP: 0/0
    11 | D        | Killed a bag of meat
    11 | D        | Killed a bag of meat
    11 | D        | Killed a bag of meat
    11 | D        | Reached *** piety under Makhleb
    12 | D        | Reached skill level 15 in Dodging
    12 | D        | Reached XP level 15. HP: 107/118 MP: 0/0
    12 | D        | Learned a level 6 spell: Dispersal
    13 | D        | Reached skill level 15 in Fighting
    13 | D        | Reached skill level 15 in Armour
    13 | D        | Reached skill level 15 in Unarmed Combat
    13 | D        | Reached skill level 15 in Invocations
    13 | D        | Noticed a meat berserker
    14 | D        | Reached XP level 16. HP: 128/128 MP: 0/0
    14 | D        | Reached **** piety under Makhleb
    15 | D        | Noticed a large bag of meat
    17 | D        | Reached skill level 15 in Stealth
    17 | D        | Killed a meat berserker
    18 | D        | Reached XP level 17. HP: 88/136 MP: 0/0
    18 | D        | Learned a level 7 spell: Spellforged Servitor
    18 | D        | Noticed a large bag of meat
    18 | D        | Reached ***** piety under Makhleb
    19 | D        | Killed a large bag of meat
    19 | D        | Killed a large bag of meat
    19 | D        | Noticed a meat berserker
    20 | D        | Reached skill level 15 in Axes
    20 | D        | Reached skill level 15 in Throwing
    20 | D        | Noticed a meat berserker
    20 | D        | Noticed a meat berserker
    21 | D        | Noticed a large bag of meat
    21 | D        | Noticed a meat berserker
    22 | D        | Noticed a meat berserker
    23 | D        | Noticed a large bag of meat
    23 | D        | Noticed a meat berserker
    23 | D        | Noticed a meat berserker
    23 | D        | Noticed a meat berserker
    23 | D        | Killed a large bag of meat
    23 | D        | Noticed a meat berserker
    23 | D        | Noticed a destroyer
    24 | D        | Reached skill level 15 in Spellcasting
    24 | D        | Reached XP level 18. HP: 75/148 MP: 0/0
    24 | D        | Noticed a meat berserker
    24 | D        | Noticed a meat berserker
    24 | D        | Noticed a meat berserker
    24 | D        | Noticed a meat berserker
    24 | D        | Killed a meat berserker
    24 | D        | Killed a meat berserker
    24 | D        | Reached ****** piety under Makhleb
    25 | D        | Reached XP level 19. HP: 158/158 MP: 0/0
    25 | D        | Learned a level 7 spell: Dragon Form
    25 | D        | Killed a meat berserker
    25 | D        | Noticed a meat berserker
    25 | D        | Noticed a destroyer
    25 | D        | Noticed a meat berserker
    26 | D        | Killed a meat berserker
    27 | D        | Reached XP level 20. HP: 93/169 MP: 0/0
    27 | D        | Killed a meat berserker
    27 | D        | Killed a meat berserker
    27 | D        | Killed a meat berserker
    28 | D        | Killed a meat berserker
    29 | D        | Reached XP level 21. HP: 179/179 MP: 0/0
    29 | D        | Learned a level 8 spell: Infestation
    29 | D        | Killed a meat berserker
    29 | D        | Killed a meat berserker
    30 | D        | Reached skill level 27 in Dodging
    30 | D        | Killed a meat berserker
    30 | D        | Killed a destroyer
    30 | D        | Noticed a meat berserker
    31 | D        | Reached XP level 22. HP: 191/191 MP: 0/0
    31 | D        | Killed a meat berserker
    31 | D        | Killed a meat berserker
    32 | D        | Reached skill level 27 in Fighting
    32 | D        | Reached skill level 27 in Armour
    32 | D        | Reached skill level 27 in Unarmed Combat
    32 | D        | Reached skill level 27 in Invocations
    32 | D        | Noticed a destroyer
    32 | D        | Killed a destroyer
    32 | D        | Killed a large bag of meat
    32 | D        | Killed a meat berserker
    33 | D        | Reached skill level 27 in Stealth
    33 | D        | Reached XP level 23. HP: 189/201 MP: 0/0
    33 | D        | Learned a level 8 spell: Necromutation
    33 | D        | Noticed a destroyer
    34 | D        | Noticed a destroyer
    35 | D        | Killed a destroyer
    36 | D        | Reached skill level 27 in Axes
    36 | D        | Reached skill level 27 in Throwing
    36 | D        | Killed a destroyer
    37 | D        | Reached skill level 27 in Spellcasting
    40 | D        | Killed a destroyer
    41 | D        | Reached XP level 24. HP: 208/208 MP: 0/0
    42 | D        | Noticed a large bag of meat
    42 | D        | Noticed a destroyer
    43 | D        | Noticed a destroyer
    46 | D        | Killed a destroyer
    46 | D        | Noticed a destroyer
    47 | D        | Reached XP level 25. HP: 214/214 MP: 0/0
    47 | D        | Learned a level 8 spell: Ignition
    47 | D        | Noticed an accursed
    47 | D        | Noticed an accursed
    47 | D        | Killed an accursed
    49 | D        | Reached skill level 27 in Maces & Flails
    49 | D        | Reached skill level 27 in Polearms
    50 | D        | Noticed a tyrant
    51 | D        | Reached XP level 26. HP: 221/221 MP: 0/0
    51 | D        | Noticed a tyrant
    51 | D        | Noticed a destroyer
    51 | D        | Noticed an accursed
    52 | D        | Killed a destroyer
    53 | D        | Reached skill level 27 in Staves
    53 | D        | Killed a destroyer
    53 | D        | Noticed a tyrant
    54 | D        | Reached skill level 10 in Shields
    54 | D        | Reached skill level 10 in Evocations
    54 | D        | Killed a destroyer
    55 | D        | Reached skill level 10 in Ranged Weapons
    56 | D        | Reached XP level 27. HP: 217/228 MP: 0/0
    56 | D        | Learned a level 9 spell: Chain Lightning
    56 | D        | Killed a tyrant
    56 | D        | Killed an accursed
    58 | D        | Killed a large bag of meat
    60 | D        | Noticed an accursed
    62 | D        | Killed a tyrant
    63 | D        | Noticed a dread
    64 | D        | Noticed a dread
    65 | D        | Noticed a dread
    65 | D        | Killed a dread
    65 | D        | Killed a tyrant
    66 | D        | Noticed a tyrant
    66 | D        | Noticed a destroyer
    66 | D        | Killed an accursed
    67 | D        | Reached skill level 27 in Short Blades
    67 | D        | Reached skill level 27 in Long Blades
    67 | D        | Reached skill level 27 in Shields
    67 | D        | Reached skill level 27 in Evocations
    67 | D        | Killed an accursed
    67 | D        | Noticed a destroyer
    67 | D        | HP: 2/228 [dread/damnation (33)]
    68 | D        | Reached skill level 27 in Ranged Weapons
    68 | D        | Killed a destroyer
    68 | D        | Killed from afar by a dread

Illustrated notes

Levels and vault maps discovered:
D:        meatsprint

Skill      XL: |  1  2  3  4  5  6  7  8  9 10 11 12 13 14 15 16 17 18 19 20 21 22 23 24 25 26 27 |
---------------+----------------------------------------------------------------------------------+-----
Fighting       | 10 12 13 14 15 17 19 21 22 24 26 27 | 27.0
Axes           | 8 10 11 12 13 14 16 18 19 20 22 25 27 | 27.0
Throwing       | 8 10 11 12 13 14 16 18 19 20 22 25 27 | 27.0
Armour         | 10 12 13 14 15 17 19 21 22 24 26 27 | 27.0
Dodging        | 11 13 14 15 17 18 20 22 24 26 27 | 27.0
Stealth        | 9 11 12 13 14 15 17 19 20 22 24 27 | 27.0
Unarmed Combat | 10 12 13 14 15 17 19 21 22 24 26 27 | 27.0
Spellcasting   | 8 9 10 11 12 13 15 16 18 19 20 23 27 | 27.0
Invocations    | 10 12 13 14 15 17 19 21 22 24 26 27 | 27.0
Maces & Flails | 13 23 27 | 27.0
Polearms       | 13 23 27 | 27.0
Staves         | 22 27 | 27.0
Short Blades   | 17 27 | 27.0
Long Blades    | 13 27 | 27.0
Ranged Weapons | 12 27 | 27.0
Shields        | 14 27 | 27.0
Evocations     | 14 27 | 27.0

Action                     |  1- 3 |  4- 6 |  7- 9 | 10-12 | 13-15 | 16-18 | 19-21 | 22-24 | 25-27 || total
---------------------------+-------+-------+-------+-------+-------+-------+-------+-------+-------++-------
  Melee: Executioner's axe |     1 |       |       |     1 |     4 |     7 |     6 |     9 |    22 ||    50
   Cast: Vhi's Electric Ch |       |       |       |       |       |     3 |       |     4 |     2 ||     9
  Dodge: Dodged            |       |       |       |       |       |       |     1 |       |       ||     1

Table legend: (Time is in decaauts)
 A = Elapsed time spent in this place.
 B = Non-inter-level travel time spent in this place.
 C = Inter-level travel time spent in this place.
 D = Time resting spent in this place.
 E = Time spent auto-exploring this place.
 F = Levels seen in this place.
 G = Mean time per level.
                   A        B        C        D        E       F      G
               +--------+--------+--------+--------+--------+-----+--------+
         Total |     66 |     66 |      0 |      0 |      0 |   1 |   66.0 |
       Dungeon |     66 |     66 |      0 |      0 |      0 |   1 |   66.0 |
               +--------+--------+--------+--------+--------+-----+--------+

Top non-repeatable levels by time:
       D: 66 daAuts
